 Dungeon Crawl Stone Soup version 0.30-a0-728-gc68057be0a (webtiles) character file.

Game seed: 6644846468234916507

105 M4edhros the Insei (level 4, -4/49 HPs)
             Began as an Octopode Monk on Jan 30, 2023.
             Slain by a gnoll
             ... wielding a +0 flail
              (8 damage)
             ... on level 3 of the Dungeon.
             The game lasted 00:01:20 (671 turns).

M4edhros the Insei (Octopode Monk)                   Turns: 671, Time: 00:01:20

Health: -4/49      AC:  3    Str:  9    XL:     4   Next: 83%
Magic:  4/4        EV: 15    Int: 11    God:
Gold:   70         SH:  0    Dex: 20    Spells: 3/3 levels left

rFire   . . .      SeeInvis .      - Unarmed
rCold   . . .      Faith    .    (no shield)
rNeg    . . .      Spirit   .    (helmet restricted)
rPois   .          Reflect  .    (no amulet)
rElec   .          Harm     .    (no ring)
rCorr   .          Rampage  .    (no ring)
Will    .....                    (no ring) Stlth
                                 (no ring)
HPRegen 0.28/turn                (no ring)
MPRegen 0.09/turn                (no ring)
                                 (no ring)
                                 (no ring)

@: berserking (expiring), hasted, very quick
A: almost no armour, amphibious, 8 rings, camouflage 1, gelatinous body 1,
(nimble swimmer 1), tentacles, tentacle spike 1, iridescent scales 1, agile 1,
passive freeze
a: no special abilities


You were on level 3 of the Dungeon.
You visited 1 branch of the dungeon, and saw 3 of its levels.

You collected 70 gold pieces.

Inventory:

Jewellery
 e - an amulet of guardian spirit
Scrolls
 d - a scroll of poison {unknown}
 g - a scroll of fog {unknown}
Potions
 a - a potion of ambrosia


   Skills:
 + Level 3.7 Fighting
 + Level 3.7 Dodging
 - Level 2.6 Stealth
 * Level 4.3 Unarmed Combat


You had 3 spell levels left.
You didn't know any spells.
Your spell library contained the following spells:

 Spells                   Type           Power      Damage    Failure   Level
 Summon Small Mammal      Summ           0%         N/A       34%         1
 Call Canine Familiar     Summ           0%         N/A       71%         3
 Summon Guardian Golem    Hex/Summ       0%         N/A       71%         3


Dungeon Overview and Level Annotations

Branches:
Dungeon (3/15)

Altars:


Innate Abilities, Weirdness & Mutations

You cannot wear most types of armour.
You are amphibious.
You can wear up to eight rings at the same time.
Your skin changes colour to match your surroundings (Stealth+).
Your rubbery body absorbs attacks. (AC +1, EV +1)
((You are camouflaged when in or above water. (Stealth+)))
You have tentacles for arms and can constrict up to eight enemies at once.
One of your tentacles bears a spike.
You are partially covered in iridescent scales. (AC +2)
You are agile. (Dex +4, Str/Int -1)
A frigid envelope surrounds you and freezes all who hurt you.


Message History

Pain shoots through your body! The orc priest barely misses you.
You see here a +0 mace.
You closely miss the orc priest. Your grab misses the orc priest.
You squeeze the orc priest!
The orc priest is heavily wounded.
You barely miss the orc priest. You grab the orc priest.
You squeeze the orc priest.
You kill the orc priest!
The gnoll misses you.
Your Unarmed Combat skill increases to level 4!
You have reached level 4!
The gnoll barely misses you. The gnoll hits you with a +0 spear.
The gnoll is very cold.
The gnoll is moderately wounded.
You tentacle-slap the gnoll. You grab the gnoll.
You pierce the gnoll.
You kill the gnoll!
The gnoll completely misses you. The gnoll closely misses you.
Things that are here:
a +0 spear; a gnoll corpse You closely miss the gnoll.
You grab the gnoll.
You constrict the gnoll, but do no damage.
You tentacle-slap the gnoll.
Your tentacle spike misses the gnoll.
The gnoll is moderately wounded.
You constrict the gnoll, but do no damage.
The gnoll hits you with a +0 halberd! The gnoll hits you but does no damage.
You tentacle-slap the gnoll.
The gnoll is severely wounded.
You constrict the gnoll. The gnoll hits you with a +0 halberd!
* * * LOW HITPOINT WARNING * * *
The gnoll is very cold.
You kill the gnoll!
The gnoll hits you from afar with a +0 spear!
* * * LOW HITPOINT WARNING * * *
Things that are here:
a +0 halberd; a gnoll corpse You bludgeon the gnoll!
You grab the gnoll.
You pierce the gnoll.
You kill the gnoll!
The gnoll hits you with a +0 flail!
You die...

#.#.#.##)#g.
#.#<.....#.#
#.########'###
#............#
#######......####
#...............#
#.#####..†...##.#
#g).....#
#@#####.# #)# #
#.#####.#
#..$.)))#
#########


You could see a gnoll.

Vanquished Creatures
  An orc priest (D:3)
  3 gnolls (D:3)
  2 adders
  2 orcs (D:3)
  6 ball pythons
  4 endoplasms
  A giant cockroach (D:1)
  2 goblins
  4 hobgoblins
  3 jackals (D:1)
  2 quokkas
  A bat (D:1)
  3 frilled lizards
  A kobold (D:1)
  2 rats
37 creatures vanquished.

Notes
Turn   | Place    | Note
-------+----------+-------------------------------------------
     0 | D:1      | M4edhros the Octopode Monk began the quest for the Orb.
     0 | D:1      | Reached XP level 1. HP: 16/16 MP: 1/1
   100 | D:1      | Reached XP level 2. HP: 20/21 MP: 2/2
   311 | D:2      | Reached XP level 3. HP: 23/26 MP: 3/3
   655 | D:3      | Gained mutation: One of your tentacles bears a spike.
                  | [potion of mutation]
   655 | D:3      | Gained mutation: You are partially covered in iridescent
                  | scales. (AC +2) [potion of mutation]
   655 | D:3      | Gained mutation: You are agile. (Dex +4, Str/Int -1)
                  | [potion of mutation]
   655 | D:3      | Gained mutation: A frigid envelope surrounds you and
                  | freezes all who hurt you. [potion of mutation]
   664 | D:3      | Reached skill level 4 in Unarmed Combat
   664 | D:3      | Reached XP level 4. HP: 32/32 MP: 4/4
   671 | D:3      | Slain by a gnoll

Illustrated notes

Levels and vault maps discovered:
D:1:      reono_arrival_forest_river, layout_basic, minmay_stone_trees_small,
          minivault_14, minmay_tetromino_s2
D:2:      wad_crossroads, layout_basic, serial_shops, nicolae_square_shop,
          kennysheep_generic_room_16
D:3:      layout_basic, serial_shops, nicolae_shop_stone, uniq_grinder

Skill      XL: |  1  2  3 |
---------------+----------+-----
Unarmed Combat | 4 |  4.3
Fighting       | |  3.7
Dodging        | |  3.7
Stealth        | |  2.6

Action                     |  1- 3 |  4- 6 || total
---------------------------+-------+-------++-------
  Melee: Unarmed           |    77 |     5 ||    82
         Constrict         |    18 |     3 ||    21
         Tentacles         |    13 |       ||    13
         Kick              |     1 |     2 ||     3
    Use: Potion            |     4 |       ||     4
   Stab: Sleeping          |     9 |       ||     9
 Armour: Skin              |     7 |     1 ||     8
  Dodge: Dodged            |    52 |     3 ||    55

Table legend: (Time is in decaauts)
 A = Elapsed time spent in this place.
 B = Non-inter-level travel time spent in this place.
 C = Inter-level travel time spent in this place.
 D = Time resting spent in this place.
 E = Time spent auto-exploring this place.
 F = Levels seen in this place.
 G = Mean time per level.
                   A        B        C        D        E       F      G
               +--------+--------+--------+--------+--------+-----+--------+
         Total |    660 |    648 |     12 |      0 |    452 |   3 |  220.0 |
       Dungeon |    660 |    648 |     12 |      0 |    452 |   3 |  220.0 |
               +--------+--------+--------+--------+--------+-----+--------+

Top non-repeatable levels by time:
     D:2: 328 daAuts
     D:1: 240 daAuts
     D:3: 92 daAuts
